 Dungeon Crawl Stone Soup version 0.31-a0-142-g31f6795574 (webtiles) character file.

Game seed: 13828507789008199673

192749 Esekla the Thaumaturge (level 18, -12/124 HPs)
             Began as an Octopode Delver on June 2, 2023.
             Was an Initiate of Gozag.
             Shot with an arrow by a satyr (30 damage)
             ... on level 4 of the Shoals on June 4, 2023.
             The game lasted 05:25:26 (44337 turns).

Esekla the Thaumaturge (Octopode Delver)           Turns: 44337, Time: 05:25:26

Health: -12/124    AC: 17    Str: 19    XL:     18   Next: 69%
Magic:  26/53      EV: 19    Int: 27    God:    Gozag
Gold:   1603       SH: 10    Dex: 16    Spells: 3/43 levels left

rFire   + + .        x - +7 double sword (vamp)
rCold   . . .        E - +0 buckler
rNeg    + + .        H - +2 hat {Stlth+}
rPois   +            i - amulet of reflection
rElec   .            g - ring "Ilogyz" {rF+ Str+6 Stlth+}
rCorr   .            c - ring of the Hero {rF+ Dex+3}
SInv    +            v - ring of magical power
Will    .....        B - +4 ring of slaying
Stlth   ++++++++++   O - ring of see invisible
HPRegen 0.40/turn    P - ring of Athiar Isuq {rN+ Will- MP+9 Int+4 Stlth+}
MPRegen 0.33/turn    U - ring "Touplue" {rPois rN+ Int+4}
                     V - +4 ring of protection

%: reflection
@: ice-armoured, afraid, wereblooded, spiked, gold aura, studying 2 skills
A: almost no armour, amphibious, 8 rings, camouflage 1, gelatinous body 1,
nimble swimmer 1, tentacles
a: Renounce Religion, Potion Petition, Call Merchant, Bribe Branch


You were on level 4 of the Shoals.
You worshipped Gozag.
Gozag was most pleased with you.
You visited 6 branches of the dungeon, and saw 30 of its levels.
You also visited: Gauntlet.

You collected 13852 gold pieces.
You spent 9084 gold pieces at shops.
You paid 3165 gold pieces to Gozag.

Inventory:

Hand Weapons
 a - the +8 long sword of the Conjuring Oracle {spect, +Blink Will+ Str+3}
   (You bought it in a shop on level 10 of the Dungeon)

   Str:       It affects your strength (+3).
   +Blink:    It lets you blink.
   Will:      It increases your willpower.
 f - a +0 scimitar of flaming
 n - a +0 falchion of protection
 r - a +1 demon trident of venom
 s - a +4 dagger
 w - a +2 long sword of holy wrath
 x - a +7 vampiric double sword (weapon)
Missiles
 h - 35 poisoned darts (quivered)
 u - 24 boomerangs
 F - 5 curare-tipped darts
 Z - 6 silver boomerangs
Armour
 E - a +0 buckler (worn)
 H - a +2 hat of stealth (worn)
Jewellery
 c - the ring of the Hero (right tentacle) {rF+ Dex+3}
   (You found it in a Gauntlet)

   [ring of protection from fire]

   Dex:       It affects your dexterity (+3).
   rF:        It protects you from fire.
 e - a ring of ice
 g - the ring "Ilogyz" (left tentacle) {rF+ Str+6 Stlth+}
   (You bought it in a shop on level 10 of the Dungeon)

   [ring of strength]

   Str:       It affects your strength (+6).
   rF:        It protects you from fire.
   Stlth:     It makes you more stealthy.
 i - an amulet of reflection (around mantle)
 l - an amulet of regeneration
 v - a ring of magical power (on tentacle)
 B - a +4 ring of slaying (on tentacle)
 O - a ring of see invisible (on tentacle)
 P - the ring of Athiar Isuq (on tentacle) {rN+ Will- MP+9 Int+4 Stlth+}
   (You bought it in a shop on level 10 of the Dungeon)

   [ring of positive energy]

   Int:       It affects your intelligence (+4).
   rN:        It protects you from negative energy.
   MP:        It affects your magic capacity (+9).
   Will:      It decreases your willpower.
   Stlth:     It makes you more stealthy.
 Q - the amulet "Amixzepa" {Acrobat rElec rC- Dex+2}
   (You found it in a Gauntlet)

   [amulet of the acrobat]

   It increases your evasion while moving and waiting.
   Dex:       It affects your dexterity (+2).
   rC:        It makes you vulnerable to cold.
   rElec:     It insulates you from electricity.
 R - a ring of protection from fire
 U - the ring "Touplue" (on tentacle) {rPois rN+ Int+4}
   (You bought it in a shop on level 10 of the Dungeon)

   [ring of positive energy]

   Int:       It affects your intelligence (+4).
   rPois:     It protects you from poison.
   rN:        It protects you from negative energy.
 V - a +4 ring of protection (on tentacle)
Wands
 t - a wand of digging (8)
 y - a wand of iceblast (28)
 G - a wand of flame (10)
 T - a wand of quicksilver (21)
Scrolls
 b - 4 scrolls of fog
 j - 2 scrolls of magic mapping
 m - 13 scrolls of teleportation
 z - 5 scrolls of identify
 I - 4 scrolls of poison
 S - a scroll of silence
 X - 3 scrolls of fear
Potions
 d - 4 potions of lignification
 k - 6 potions of enlightenment
 o - a potion of resistance
 p - a potion of invisibility
 q - 2 potions of heal wounds
 A - 6 potions of brilliance
 C - 8 potions of ambrosia
 D - 3 potions of haste
 J - 2 potions of attraction
 L - 3 potions of berserk rage
 M - a potion of magic
 N - a potion of might
 W - a potion of cancellation
 Y - 5 potions of curing
Miscellaneous
 K - a lightning rod (4/4)


   Skills:
 + Level 11.3 Fighting
 + Level 2.7(9.0) Short Blades
 * Level 13.3(13.4) Long Blades
 + Level 7.4 Axes
 - Level 5.7 Throwing
 * Level 11.1 Dodging
 - Level 13.0 Stealth
 + Level 5.2 Shields
 * Level 13.3 Spellcasting
 + Level 7.2 Conjurations
 * Level 3.6 Transmutations
 + Level 6.6 Fire Magic
 * Level 10.6 Ice Magic
 + Level 7.6 Air Magic
 * Level 5.6 Earth Magic
 + Level 5.7 Poison Magic
 * Level 9.6 Evocations


You had 3 spell levels left.
You knew the following spells:

 Your Spells              Type           Power      Damage    Failure   Level
a - Ozocubu's Armour      Ice            66%        N/A       1%          3
c - Mephitic Cloud        Conj/Pois/Air  53%        N/A       1%          3
g - Ozocubu's Refrigerat  Ice            33%        4d14      36%         7
k - Airstrike             Air            28%        2d(4-20)  1%          4
n - Ignite Poison         Fire/Tmut/Pois 46%        N/A       1%          3
r - Frozen Ramparts       Ice            100%       1d16      1%          3
v - Poisonous Vapours     Pois/Air       100%       N/A       1%          2
w - Wereblood             Tmut           37%        N/A       1%          2
x - Olgreb's Toxic Radia  Pois           48%        N/A       3%          4
y - Sticky Flame          Conj/Fire      53%        2d7       2%          4
z - Freezing Cloud        Conj/Ice/Air   29%        6-21      3%          5

Your spell library contained the following spells:

 Spells                   Type           Power      Damage    Failure   Level
 Shock                    Conj/Air       100%       1d9       1%          1
 Cigotuvi's Dreadful Rot  Necr/Pois/Air  84%        N/A       1%          2
 Stone Arrow              Conj/Erth      100%       3d13      1%          3
 Swiftness                Air            56%        N/A       1%          3
 Inner Flame              Hex/Fire       35%        N/A       3%          3
 Sublimation of Blood     Necr           18%        N/A       5%          2
 Tukima's Dance           Hex            18%        N/A       11%         3
 Flame Wave               Conj/Fire      53%        2d13      2%          4
 Leda's Liquefaction      Hex/Erth       16%        N/A       12%         4
 Silence                  Hex/Air        19%        N/A       22%         5
 Cause Fear               Hex            9%         N/A       36%         4
 Passage of Golubria      Tloc           18%        N/A       36%         4
 Yara's Violent Unravell  Hex/Tmut       13%        3d7       45%         5
 Eringya's Noxious Bog    Tmut/Pois      21%        N/A       63%         6
 Statue Form              Tmut/Erth      28%        N/A       65%         6
 Dragon Form              Tmut           18%        N/A       100%        7
 Enfeeble                 Hex            9%         N/A       100%        7
 Malign Gateway           Summ/Tloc      9%         N/A       100%        7
 Summon Hydra             Summ           9%         N/A       100%        7
 Discord                  Hex            9%         N/A       100%        8
 Ignition                 Fire           26%        3d9       100%        8
 Lehudib's Crystal Spear  Conj/Erth      26%        10d7      100%        8
 Summon Horrible Things   Summ           9%         N/A       100%        8
 Dragon's Call            Summ           9%         N/A       100%        9
 Polar Vortex             Ice            33%        N/A       100%        9
 Shatter                  Erth           24%        3d21*     100%        9
 Simulacrum               Ice/Necr       Unusable   N/A       N/A         6

Dungeon Overview and Level Annotations

Branches:
Dungeon (15/15)            Temple (1/1) D:5            Lair (5/5) D:10
 Shoals (4/4) Lair:2        Snake (3/4) Lair:3        Slime (0/5) Lair:5
    Orc (2/2) D:11            Elf (0/3) Orc:2        Vaults (0/5) D:14
 Depths (0/4) D:15        Gauntlet (visited)

Altars:
Ashenzari
Cheibriados
Dithmenos
Elyvilon
Fedhas
Gozag
Hepliaklqana
Kikubaaqudgha
Makhleb
Nemelex Xobeh
Okawaru
Qazlal
Ru
Sif Muna
Trog
Uskayaw
Vehumet
Wu Jian
Xom
Yredelemnul
Zin
The Shining One
Jiyva

Shops:
D:5 ?   D:6 :   D:9 (:   D:10 (=   D:15 *   Orc:1 (*!   Orc:2 [(?*
Snake:2 ::=:

Portals:
Abyss: Lair:4

Annotations:
D:3 Sigmund
D:8 2 headed ogre, thug444's ghost, novice TrBe
D:9 BlueFish's ghost, novice DrAr; Darkkill's ghost, novice MiHu; Pooter's ghost, novice MiBe
D:11 2 transporters, IdlyInterested's ghost, novice DsGl
D:13 2 runed translucent doors, exclusion: orange crystal statue, Ullur's ghost, journeyman DsGl
Lair:2 1 runed translucent door, petzl's ghost, journeyman FoDe
Lair:4 2 transporters, Fagh's ghost, journeyman DsCK
Snake:3 Vashnia


Innate Abilities, Weirdness & Mutations

You cannot wear most types of armour.
You are amphibious.
You can wear up to eight rings at the same time.
Your skin changes colour to match your surroundings (Stealth+).
Your rubbery body absorbs attacks. (AC +1, EV +1)
You are camouflaged when in or above water. (Stealth+)
You have tentacles for arms and can constrict up to eight enemies at once.


Message History

Poisonous vapours surround the satyr!
The satyr is poisoned.
A manticore comes into view.
The satyr plays a frightful melody on its pipes!
The satyr radiates an aura of fear!
You are terrified of the satyr!
The satyr plays a rousing melody on its pipes!
The satyr goes into a battle-frenzy!
You hear a screech!
Casting: Poisonous Vapours (safe; 1% risk of failure)
Confirm with . or Enter, or press ? or * to list all spells.
Aiming: Poisonous Vapours (safe; 1% risk of failure)
Press: ? - help, Dir - move target, f/p - satyr
Aim: a satyr, wielding a +0 spear (strong, inspiring fear, very poisoned) Poisonous vapours surround the satyr!
The satyr looks as sick as possible!
The manticore is engulfed in freezing vapours.
The manticore flicks its tail.
The volley of spikes hits you.
The barbed spikes become lodged in your body.
* * * LOW HITPOINT WARNING * * *
The satyr unwields a +0 spear.
The satyr wields a +0 longbow.
The satyr shoots an arrow.
The arrow hits you!
* * * LOW HITPOINT WARNING * * *
The satyr shoots an arrow.
You block the arrow with an invisible shield... and reflect it back!
The arrow hits the satyr!!
Casting: Poisonous Vapours (safe; 1% risk of failure)
Confirm with . or Enter, or press ? or * to list all spells.
You ignite the poison in your surroundings!
The satyr seems to burn from within!!!
The satyr is almost dead.
The satyr seems to burn from within!!!
You kill the satyr!
The manticore is engulfed in freezing vapours.
The manticore flicks its tail.
The volley of spikes hits you.
The barbed spikes become lodged in your body.
* * * LOW HITPOINT WARNING * * *
The satyr shoots an arrow.
The arrow hits you!!
You die...
Your body crumbles into a pile of gold.

#.~#.....###≈≈≈≈≈≈## ..
#..#.....#≈≈≈≈≈≈≈≈## .~.
#~...~...#≈≈≈≈≈≈≈≈##
#..##..#..$.##≈≈≈≈≈≈≈≈##
..~$....=.).≈≈≈≈≈≈≈≈≈##
.$c!~.#.#..≈≈≈≈≈≈≈≈≈##
#.....##≈≈≈≈≈≈≈≈≈≈##
#.$....≈≈≈≈≈≈≈≈≈≈##
#$@°...≈≈≈≈≈≈≈≈≈≈##
#$(..#.≈≈≈≈≈≈≈≈≈≈#
.H~§§.##≈≈≈≈≈≈≈≈≈≈≈
#...§☼$##≈≈≈≈≈≈≈≈≈≈≈
#....##. ≈≈≈≈≈≈≈≈≈≈
#≈≈≈≈ ≈≈≈≈≈≈≈≈≈≈≈≈ #≈≈≈≈
≈≈≈≈≈≈≈≈≈≈≈ ≈≈≈≈≈ ≈≈


You could see a satyr (strong, scary) and a manticore.

Vanquished Creatures
  A kraken (Shoals:3)
  Gastronok (Lair:2)
  Donald (Shoals:1)
  A nagaraja (Snake:2)
  Kirke (Lair:4)
  An orc warlord (Orc:2)
  Nessos (Lair:3)
  Azrael (Orc:2)
  2 minotaurs
  A merfolk javelineer (Shoals:3)
  Snorg (Lair:4)
  3 merfolk impalers (Shoals:3)
  A green death (Gauntlet)
  Josephine (Orc:2)
  2 vault guards (D:14)
  6 hydras
  An ogre mage (Orc:1)
  9 boulder beetles
  4 catoblepae
  4 merfolk avatars
  A death knight (D:15)
  5 merfolk aquamancers
  6 centaur warriors
  6 satyrs
  Erica (Lair:2)
  13 two-headed ogres
  5 naga warriors
  4 anacondas
  17 death yaks
  4 naga sharpshooters
  5 shock serpents
  Sonja (Orc:2)
  Urug (D:10)
  Nergalle (D:10)
  6 skysharks
  Amaemon (D:10)
  2 skeletal warriors (D:15)
  Lodul (D:11)
  5 sea snakes
  A flayed ghost (D:15)
  7 naga ritualists
  14 harpies
  An oklob plant (Gauntlet)
  7 mana vipers
  4 necromancers
  6 ugly things (D:14)
  4 deep elf pyromancers
  A sphinx skeleton (D:15)
  An orc knight (D:15)
  3 orc sorcerers
  17 manticores
  21 fauns
  8 cyclopes
  4 salamanders
  A fire giant zombie (D:15)
  A guardian serpent (Snake:2)
  10 merfolk sirens
  2 torpor snails
  17 elephants
  8 water nymphs
  13 naga magi
  4 gargoyles
  26 black mambas
  An orange demon (D:10)
  2 molten gargoyles (Gauntlet)
  Psyche (D:10)
  13 cane toads
  A kobold demonologist (D:12)
  A minotaur zombie (Gauntlet)
  A spriggan zombie (D:15)
  A yaktaur (D:14)
  12 komodo dragons
  4 unseen horrors
  2 freezing wraiths (D:15)
  A guardian mummy (D:15)
  A tengu conjurer (D:13)
  A queen bee (D:10)
  A troll (Orc:2)
  12 merfolk
  3 meliai (D:13)
  4 wind drakes
  3 polar bears
  A hornet (D:10)
  4 snapping turtles
  21 blink frogs
  19 dream sheep
  11 slime creatures
  A vampire (D:12)
  9 water elementals
  A spriggan skeleton (D:15)
  8 wraiths
  64 yaks
  Grum (D:9)
  A fire elemental (Orc:2)
  19 humans (D:14)
  7 basilisks
  5 hogs (Lair:4)
  4 wyverns
  A vampire mosquito (D:12)
  A redback simulacrum (D:15)
  26 nagas
  3 wargs
  3 acid dragons
  3 hell hounds
  16 water moccasins
  2 sky beasts
  2 black bears
  31 orc warriors
  25 ogres
  22 centaurs
  25 wolves
  3 kobold brigands
  2 phantoms (D:5)
  3 gnoll sergeants
  13 bullfrogs
  2 scorpions (D:6)
  15 wights
  37 killer bees
  3 electric eels (Lair:1)
  3 howler monkeys
  A crimson imp (D:4)
  A gnoll bouda (D:9)
  A hound (D:4)
  18 orc priests
  2 sleepcaps
  3 iguanas
  23 orc wizards
  7 hell rats
  4 adders
  12 gnolls
  A shadow imp (D:8)
  A white imp (D:6)
  An ufetubus (D:5)
  2 worms
  3 dart slugs
  84 orcs
  3 ball pythons
  9 endoplasms
  5 goblins
  10 hobgoblins
  6 jackals
  21 kobolds
  3 quokkas
  4 bats
  3 frilled lizards
  A goblin skeleton (D:4)
  A goblin zombie (D:4)
  5 hobgoblin zombies (D:4)
  A kobold skeleton (D:4)
  4 rats
  2 spectral weapons
1033 creatures vanquished.

Vanquished Creatures (others)
  A gargoyle (Gauntlet)
  6 spectral weapons
  4 tentacles (Shoals:3)
11 creatures vanquished.

Grand Total: 1044 creatures vanquished

Notes
Turn   | Place    | Note
-------+----------+-------------------------------------------
     0 | D:5      | Esekla the Octopode Delver began the quest for the Orb.
     0 | D:5      | Reached XP level 1. HP: 16/16 MP: 1/1
    10 | D:5      | Noticed a phantom
    51 | D:5      | Found an ornate altar of the Wu Jian Council.
    97 | D:5      | Found Netagiyxon's Magic Scroll Emporium.
   122 | D:5      | Found a staircase to the Ecumenical Temple.
   132 | Temple   | Entered the Ecumenical Temple
   148 | Temple   | Became a worshipper of Gozag Ym Sagoz the Greedy
   177 | D:4      | Reached XP level 2. HP: 21/21 MP: 2/2
   292 | D:4      | Noticed a centaur
   445 | D:2      | Reached XP level 3. HP: 21/26 MP: 3/3
   510 | D:2      | HP: 1/26 [quokka (3)]
   791 | D:1      | Reached skill level 1 in Spellcasting
  1063 | D:1      | Reached XP level 4. HP: 31/31 MP: 5/5
  1323 | D:1      | Learned a level 4 spell: Sticky Flame
  1644 | D:2      | Found a faded altar of an unknown god.
  2627 | D:3      | Reached skill level 1 in Conjurations
  2627 | D:3      | Reached XP level 5. HP: 36/36 MP: 6/6
  2833 | D:3      | Found a sacrificial altar of Ru.
  2956 | D:3      | Noticed Sigmund
  2964 | D:3      | Found a radiant altar of Vehumet.
  3441 | D:4      | Noticed a +0 dagger
  3441 | D:4      | Noticed a +0 dagger
  3441 | D:4      | Noticed a +0 short sword
  3443 | D:4      | Noticed a +0 spear
  3444 | D:4      | Noticed a +0 falchion
  3444 | D:4      | Noticed a +0 short sword
  3444 | D:4      | Noticed a +0 spear
  3447 | D:4      | Noticed a +0 falchion
  3486 | D:4      | Found a hide-covered altar of Uskayaw.
  3645 | D:4      | Found a bloodstained altar of Trog.
  3719 | D:4      | Reached skill level 1 in Fire Magic
  3719 | D:4      | Reached XP level 6. HP: 40/43 MP: 8/8
  3735 | D:4      | Found a glowing golden altar of the Shining One.
  4044 | D:4      | Found a white marble altar of Elyvilon.
  4240 | D:5      | Noticed a black bear
  4241 | D:5      | Killed a black bear
  4242 | D:5      | Reached XP level 7. HP: 47/47 MP: 9/9
  4727 | D:5      | Bought a scroll of teleportation for 33 gold pieces
  4727 | D:5      | Bought a scroll of identify for 22 gold pieces
  5158 | D:6      | Reached XP level 8. HP: 43/54 MP: 11/11
  5268 | D:6      | Reached skill level 5 in Long Blades
  5351 | D:6      | Found a stormy altar of Qazlal.
  5632 | D:6      | Reached skill level 1 in Short Blades
  5713 | D:6      | Bought Ozocubu's Autobiography for 336 gold pieces
  5717 | D:6      | Learned a level 3 spell: Ozocubu's Armour
  5743 | D:6      | Found a shimmering altar of Xom.
  5752 | D:6      | Found a blossoming altar of Fedhas.
  5884 | D:6      | Found a shadowy altar of Dithmenos.
  5909 | D:6      | Identified the +1 robe "Lig Guqo" {rC- rN++}
  6088 | D:7      | Found a broken altar of Ashenzari.
  6287 | D:7      | Reached skill level 1 in Throwing
  6323 | D:7      | Reached skill level 1 in Ice Magic
  6505 | D:7      | Reached XP level 9. HP: 57/60 MP: 13/13
  6530 | D:7      | Reached skill level 5 in Fighting
  7732 | D:8      | Noticed a two-headed ogre
  8162 | D:8      | Reached XP level 10. HP: 20/68 MP: 15/15
  8263 | D:8      | Found a sparkling altar of Nemelex Xobeh.
  8688 | D:9      | Found a runed translucent gate.
  8689 | D:9      | Found a runed translucent gate.
  8690 | D:9      | Found a runed translucent gate.
  8691 | D:9      | Noticed BlueFish's ghost (novice DrAr)
  8692 | D:9      | Noticed Darkkill's ghost (novice MiHu)
  8692 | D:9      | Noticed Pooter's ghost (novice MiBe)
  8692 | D:9      | Noticed thug444's ghost (novice TrBe)
  8697 | D:9      | Found Wehic's Antique Weapon Shop.
  8806 | D:9      | Reached skill level 5 in Dodging
  9225 | D:9      | Found a hazy altar of Hepliaklqana.
  9276 | D:9      | Reached skill level 10 in Stealth
  9285 | D:9      | Found a basalt altar of Yredelemnul.
  9383 | D:9      | Noticed Grum
  9464 | D:9      | Killed Grum
  9594 | D:10     | Entered Level 10 of the Dungeon
  9598 | D:10     | Noticed Psyche
  9689 | D:10     | Reached skill level 1 in Air Magic
  9689 | D:10     | Reached skill level 1 in Poison Magic
  9695 | D:10     | Reached XP level 11. HP: 18/74 MP: 12/17
  9804 | D:10     | Found an iron altar of Okawaru.
  9804 | D:10     | Noticed Amaemon
  9804 | D:10     | Noticed a two-headed ogre
  9941 | D:9      | Got Erinuusu's Atlas of the Numb Stinger
 10067 | D:10     | Killed Psyche
 10068 | D:10     | Reached skill level 5 in Conjurations
 10068 | D:10     | Reached skill level 5 in Fire Magic
 10080 | D:10     | Killed Amaemon
 10088 | D:10     | Noticed Nergalle
 10142 | D:9      | Learned a level 3 spell: Mephitic Cloud
 10147 | D:9      | Bought the Opusculum on Wintry Nausea for 572 gold pieces
 10151 | D:9      | Learned a level 3 spell: Frozen Ramparts
 10154 | D:10     | Noticed Urug
 10645 | D:10     | Found a staircase to the Lair.
 10745 | D:10     | Killed Nergalle
 10746 | D:10     | Reached skill level 5 in Spellcasting
 11010 | D:10     | Killed a two-headed ogre
 11116 | D:10     | Killed Urug
 11497 | D:10     | Upgraded the game from 0.31-a0-133-gaae73658be to
                  | 0.31-a0-142-g31f6795574
 11992 | D:11     | Reached XP level 12. HP: 78/81 MP: 19/20
 12039 | D:11     | Noticed a two-headed ogre
 12191 | D:11     | Reached skill level 5 in Ice Magic
 12355 | D:11     | Killed a two-headed ogre
 12423 | D:11     | Found a staircase to the Orcish Mines.
 12451 | D:11     | Noticed a two-headed ogre
 12452 | D:11     | Noticed Lodul
 12462 | D:11     | Killed Lodul
 12467 | D:11     | Killed a two-headed ogre
 12702 | D:11     | Found a transporter.
 12749 | D:11     | Found a transporter.
 12750 | D:11     | Noticed IdlyInterested's ghost (novice DsGl)
 12779 | D:11     | Noticed a two-headed ogre
 12783 | D:11     | Killed a two-headed ogre
 12871 | Lair:1   | Entered Level 1 of the Lair of Beasts
 13383 | Lair:1   | Noticed a boulder beetle
 13406 | Lair:1   | Killed a boulder beetle
 13704 | Lair:1   | Reached skill level 5 in Poison Magic
 14141 | Lair:1   | Learned a level 4 spell: Airstrike
 14147 | Lair:1   | Learned a level 5 spell: Freezing Cloud
 14588 | Lair:2   | Noticed Gastronok
 14876 | Lair:2   | Killed Gastronok
 14876 | Lair:2   | Noticed Erica
 14877 | Lair:2   | Reached XP level 13. HP: 71/88 MP: 22/24
 14880 | Lair:2   | Killed Erica
 14978 | Lair:2   | Found a runed translucent door.
 14978 | Lair:2   | Noticed petzl's ghost (journeyman FoDe)
 15347 | Lair:2   | Found a staircase to the Shoals.
 15382 | Lair:2   | Reached skill level 10 in Long Blades
 16078 | Lair:3   | Noticed Nessos
 16625 | Lair:3   | Reached skill level 1 in Shields
 17736 | Lair:3   | Found a staircase to the Snake Pit.
 18322 | Lair:3   | Killed Nessos
 18503 | Lair:4   | Noticed Kirke
 18534 | Lair:4   | Noticed Snorg
 18749 | Lair:4   | Killed Snorg
 18970 | Lair:4   | Reached skill level 5 in Air Magic
 19127 | Lair:4   | Noticed Fagh's ghost (journeyman DsCK)
 19137 | Lair:4   | Found a transporter.
 19207 | Lair:4   | Found a transporter.
 19213 | Lair:4   | Found a one-way gate to the infinite horrors of the Abyss.
 19351 | Lair:4   | Reached XP level 14. HP: 77/95 MP: 26/26
 19958 | Lair:4   | Noticed a sphinx
 19965 | Lair:4   | Killed Kirke
 20255 | D:10     | Bought the +8 long sword of the Conjuring Oracle {spect,
                  | +Blink Will+ Str+3} for 1342 gold pieces
 20293 | Orc:1    | Entered Level 1 of the Orcish Mines
 20294 | Orc:1    | Found a burning altar of Makhleb.
 20302 | Orc:1    | Found Xueka's Distillery.
 20305 | Orc:1    | You are sucked into a shaft and drop 1 floor!
 20305 | Orc:2    | Entered Level 2 of the Orcish Mines
 20309 | Orc:2    | Noticed Azrael
 20460 | Orc:1    | Found Yjassetz's General Store.
 20480 | Orc:1    | Bought a scroll of identify for 36 gold pieces
 21429 | Orc:1    | Found Vachups's Antique Weapon Shoppe.
 21454 | Orc:1    | Bought a glowing falchion for 174 gold pieces
 21477 | Orc:1    | Bought a potion of invisibility for 88 gold pieces
 21574 | Orc:2    | Noticed an orc warlord
 21574 | Orc:2    | Noticed Josephine
 21809 | Orc:2    | Killed Azrael
 21855 | Orc:1    | Reached skill level 1 in Axes
 21887 | Orc:2    | Noticed Sonja
 21892 | Orc:2    | Killed Sonja
 21926 | Orc:2    | Found a staircase to the Elven Halls.
 21959 | Orc:2    | Found Matawa Zuad's Magic Scroll Boutique.
 21967 | Orc:2    | Bought a scroll of identify for 28 gold pieces
 21967 | Orc:2    | Bought a scroll of identify for 28 gold pieces
 21967 | Orc:2    | Bought a scroll of identify for 28 gold pieces
 21997 | Orc:2    | Killed Josephine
 21998 | Orc:2    | Reached skill level 1 in Evocations
 22069 | Orc:2    | Killed an orc warlord
 22268 | Orc:2    | Found Xaezaeh's General Store.
 22276 | Orc:2    | Bought a scroll of identify for 28 gold pieces
 22574 | Orc:2    | Found Oxzutres's Antique Armour Shop.
 22579 | Orc:2    | Found Wumuraops's Antique Weapon Boutique.
 22585 | Orc:2    | Bought a glowing hat for 126 gold pieces
 22694 | Orc:2    | Bought a ring of see invisible for 210 gold pieces
 22888 | Lair:5   | Entered Level 5 of the Lair of Beasts
 23150 | Lair:5   | Found a staircase to the Slime Pits.
 23150 | Lair:5   | Found a viscous altar of Jiyva.
 23788 | Lair:5   | Reached XP level 15. HP: 100/101 MP: 28/28
 23997 | Lair:5   | Reached skill level 10 in Spellcasting
 24443 | Lair:5   | Reached skill level 5 in Axes
 25513 | D:10     | Bought the ring "Touplue" {rPois rN+ Int+4} for 554 gold
                  | pieces
 25513 | D:10     | Bought a +4 ring of protection for 504 gold pieces
 26187 | D:12     | Reached skill level 5 in Throwing
 26569 | D:12     | Reached skill level 10 in Fighting
 27498 | D:13     | Found a runed translucent door.
 27498 | D:13     | Found a runed translucent door.
 27628 | D:13     | Noticed a tengu reaver
 27629 | D:13     | Noticed a lich
 27630 | D:13     | Noticed Ullur's ghost (journeyman DsGl)
 27906 | D:14     | Reached skill level 5 in Evocations
 27959 | D:14     | Reached XP level 16. HP: 98/109 MP: 30/30
 28147 | D:14     | Found a gate leading to a gauntlet.
 28176 | Gauntlet | Entered a Gauntlet
 28176 | Gauntlet | Found a transporter.
 28176 | Gauntlet | Found a transporter.
 28186 | Gauntlet | Found a transporter.
 28193 | Gauntlet | Found a transporter.
 28197 | Gauntlet | Found a large runed translucent door.
 28198 | Gauntlet | Found a large runed translucent door.
 28199 | Gauntlet | Found a large runed translucent door.
 28199 | Gauntlet | Found a large runed translucent door.
 28199 | Gauntlet | Found a large runed translucent door.
 28200 | Gauntlet | Found a runed translucent door.
 28217 | Gauntlet | Found a transporter.
 28219 | Gauntlet | Found a transporter.
 28222 | Gauntlet | Found a transporter.
 28225 | Gauntlet | Found a transporter.
 28233 | Gauntlet | Found a transporter.
 28239 | Gauntlet | Found a transporter.
 28287 | Gauntlet | Found a transporter.
 28316 | Gauntlet | Found a transporter.
 28331 | Gauntlet | Found a transporter.
 28347 | Gauntlet | Found a transporter.
 28450 | Gauntlet | Found a transporter.
 28452 | Gauntlet | Found a large runed translucent door.
 28453 | Gauntlet | Found a large runed translucent door.
 28454 | Gauntlet | Found a runed translucent door.
 28454 | Gauntlet | Found a large runed translucent door.
 28454 | Gauntlet | Found a large runed translucent door.
 28455 | Gauntlet | Found a large runed translucent door.
 28459 | Gauntlet | Found a large runed translucent door.
 28459 | Gauntlet | Found a large runed translucent door.
 28460 | Gauntlet | Found a large runed translucent door.
 28460 | Gauntlet | Found a large runed translucent door.
 28460 | Gauntlet | Found a large runed translucent door.
 28460 | Gauntlet | Found a large runed translucent door.
 28463 | Gauntlet | Found a runed translucent gate.
 28463 | Gauntlet | Found a runed translucent gate.
 28463 | Gauntlet | Found a runed translucent gate.
 28465 | Gauntlet | Found a transporter.
 28668 | Gauntlet | Identified the ring of the Hero {rF+ Dex+3}
 28785 | Gauntlet | Identified the amulet "Amixzepa" {Acrobat rElec rC- Dex+2}
 28789 | Gauntlet | Identified a scroll of acquirement
 28789 | Gauntlet | Acquired a +2 hat of stealth
 28939 | Gauntlet | Identified the +0 cloak of Ashenzari, Changing {Fly rElec
                  | rF- rN+}
 29138 | Gauntlet | Learned a level 4 spell: Olgreb's Toxic Radiance
 29426 | D:10     | Bought the ring of Athiar Isuq {rN+ Will- MP+9 Int+4
                  | Stlth+} for 740 gold pieces
 29704 | D:14     | Identified the +4 demon blade of Tuorilan {drain, Dex+3}
 30328 | D:14     | Found a gate to the Vaults.
 30677 | D:15     | Entered Level 15 of the Dungeon
 30705 | D:15     | Found Fuestrav's Pet Rocks.
 30781 | D:15     | Bought the Anthology of Scree for 520 gold pieces
 31189 | D:15     | Identified the +3 leather armour "Voshef" {+Blink rF+
                  | Dex+3}
 32238 | Orc:2    | Bought a scroll of enchant weapon for 105 gold pieces
 32238 | Orc:2    | Bought a scroll of enchant weapon for 105 gold pieces
 32436 | Orc:1    | Reached skill level 1 in Earth Magic
 32500 | Orc:1    | Reached skill level 10 in Dodging
 32855 | Orc:2    | Bought a bloodstained spear for 288 gold pieces
 32855 | Orc:2    | Identified the +0 spear of Lufirixt {venom, rElec rF+ MP+9}
                  | (You bought it in a shop on level 2 of the Orcish Mines)
 32943 | D:10     | Bought the ring "Ilogyz" {rF+ Str+6 Stlth+} for 739 gold
                  | pieces
 33215 | D:15     | Found a staircase to the Depths.
 33741 | Shoals:1 | Entered Level 1 of the Shoals
 33999 | Shoals:1 | Reached XP level 17. HP: 116/116 MP: 33/33
 34628 | Shoals:1 | Noticed Donald
 34639 | Shoals:1 | Killed Donald
 35224 | Snake:1  | Entered Level 1 of the Snake Pit
 36694 | Snake:2  | Found Vixoho's Vocational Training.
 36815 | Snake:2  | Bought a manual of Evocations for 1200 gold pieces
 37268 | Snake:2  | Found Waibol's Book Emporium.
 37283 | Snake:2  | Found Qifozos's Jewellery Boutique.
 37284 | Snake:2  | Found Zariyn's Book Emporium.
 37525 | Snake:2  | Reached skill level 1 in Transmutations
 38197 | Snake:2  | Bought a book of Blood for 420 gold pieces
 38200 | Snake:2  | Learned a level 2 spell: Wereblood
 38723 | Snake:3  | Found the +1 robe of Vines {NoPotionHeal Regen++++}
 38777 | Snake:3  | Reached skill level 10 in Ice Magic
 38893 | Snake:3  | HP: 5/117 [constriction (1)]
 39286 | Snake:3  | Identified the +6 arbalest "Zitan" {elec, Drain rN+++
                  | Dex+8}
 39572 | Snake:3  | Noticed Vashnia
 39712 | Snake:3  | Reached XP level 18. HP: 37/124 MP: 34/34
 40601 | Snake:2  | Bought a Trismegistus Codex for 468 gold pieces
 40605 | Snake:2  | Learned a level 3 spell: Ignite Poison
 40778 | Shoals:2 | Identified the +6 chain mail "Voewnol" {-Cast rC+ Str-2
                  | Dex+9}
 40783 | Shoals:2 | Reached skill level 5 in Shields
 42098 | Shoals:3 | Reached skill level 5 in Earth Magic
 42548 | Snake:2  | Bought a book of Vapours for 390 gold pieces
 42551 | Snake:2  | Learned a level 2 spell: Poisonous Vapours
 43521 | Shoals:3 | Found a runed translucent door.
 43842 | Shoals:3 | Identified the +1 chain mail of Disguise {rC+++ Str-3 Dex+5
                  | Stlth+}
 43879 | Shoals:3 | Acquired 644 gold pieces
 43939 | Shoals:3 | Learned a level 7 spell: Ozocubu's Refrigeration
 43958 | Shoals:4 | Entered Level 4 of the Shoals
 44337 | Shoals:4 | Shot with an arrow by a satyr

Illustrated notes

Levels and vault maps discovered:
D:1:      dpeg_arrival_water_fire, layout_basic, minmay_heptomino_w4
D:2:      layout_basic, dreamdust_ecumenical_altar_statues
D:3:      layout_loops_ring, overflow_temple_1_default,
          nicolae_ru_the_path_less_chosen, uniq_sigmund
D:4:      layout_loops_corners, trog_three_pillars_becter,
          nicolae_tso_besieged_by_evil, nicolae_uskayaw_en_pointe,
          mainiacjoe_overflow_alcove_4
D:5:      layout_basic, mainiacjoe_overflow_small_starburst,
          minmay_temple_entry_large_hall, serial_shops,
          nicolae_shop_tiny_waterfront
D:6:      cheibrodos_thug_alley, layout_rooms, grunt_dithmenos_smoke,
          mainiacjoe_overflow_paths, amethyst_overflow_temple_binary,
          chequers_serial_rivers_large_b
D:7:      layout_basic, ashenzari_altar_1
D:8:      layout_basic, nemelex_spade_bored_becter, minivault_24
D:9:      layout_rooms, nicolae_hepliaklqana_hazy_memory, kennysheep_mini,
          serial_shops, shop_fountains, gammafunk_ghost_cemetery,
          minmay_joined_circles, uniq_grum
D:10:     layout_rooms, mainiacjoe_overflow_tiny_flanked, lair_entry_dummy,
          special_room [special_room_bee], uniq_nergalle, uniq_amaemon,
          uniq_urug, uniq_psyche
D:11:     layout_roguey, david_orc_3, gammafunk_ghost_hive, uniq_lodul
D:12:     minmay_octagon_keep, layout_loops_ring, bh_walls_and_bars
D:13:     layout_basic, muffindrake_ghost_dual_entry, minivault_16,
          minmay_starry_boxes
D:14:     layout_loops_ring, grunt_vaults_entry_tiered, corexii_corridor_pit,
          gauntlet_entry_generic
D:15:     gammafunk_depths_entry_grave, layout_basic, guppyfry_shop_earth
Temple:   nicolae_temple_ecumenical_triangle
Lair:1:   layout_gridlike, serial_bayou_shore_a
Lair:2:   layout_cave_pods, elwin_shoals_entry_stream,
          ebering_ghost_inner_flame, uniq_gastronok, uniq_erica
Lair:3:   layout_gridlike, guppyfry_snake_entry_garden, beast_lair_carwin_8,
          uniq_nessos
Lair:4:   layout_gridlike, gammafunk_ghost_abyssal_escape, nzn_random_ring,
          serial_bayou_shore_b, uniq_snorg, uniq_kirke
Lair:5:   evilmike_catoblepas_cave, layout_cave_pods, slime_entry_1,
          grunt_megastairs_2
Shoals:1: layout_shoals, uniq_donald
Shoals:2: layout_shoals, nicolae_shoals_so_close
Shoals:3: nicolae_shoals_offshore_bank_account, layout_shoals,
          nicolae_splish_splash
Shoals:4: shoals_end_hellmonk_lost_city, uniq_bai_suzhen, uniq_louise
Snake:1:  cheibrodos_snake_ritualist_ritual, layout_rooms, nicolae_snake_omega
Snake:2:  layout_onion, st_stairs_4, nicolae_shop_vocational,
          grunt_megastairs_4, minmay_shop_grove
Snake:3:  layout_basic, serial_curves, eino_curves_01, eino_curves_04,
          nicolae_snake_gridmaze_zigzag, uniq_vashnia
Orc:1:    lemuel_ogre_cave, layout_caves, serial_shops, shop, shop, shop,
          bloody_makhleb
Orc:2:    grunt_orc_community_town_hall, layout_diamond_mine,
          grunt_orc_community_big_house_1, grunt_orc_community_big_house_1,
          grunt_orc_community_house_3, grunt_orc_community_house_1,
          grunt_orc_community_house_2, grunt_orc_community_house_1,
          nicolae_orc_crystal_geode, uniq_sonja, uniq_azrael, uniq_josephine

Skill      XL: |  1  2  3  4  5  6  7  8  9 10 11 12 13 14 15 16 17 18 |
---------------+-------------------------------------------------------+-----
Stealth        | 7 8 9 10 11 12 13 | 13.0
Spellcasting   | 1 2 3 4 5 7 8 9 10 12 13 | 13.3
Long Blades    | 3 4 5 7 8 9 10 11 12 13 | 13.3
Conjurations   | 1 2 3 4 5 6 7 |  7.2
Fire Magic     | 1 2 3 4 5 6 |  6.6
Dodging        | 3 4 5 6 8 9 10 11 | 11.1
Fighting       | 4 5 6 7 8 9 10 11 | 11.3
Short Blades   | 1 2 |  2.7
Throwing       | 1 2 3 4 5 |  5.7
Ice Magic      | 1 2 3 4 6 7 8 9 10 | 10.6
Air Magic      | 1 3 5 6 7 |  7.6
Poison Magic   | 1 4 5 |  5.7
Shields        | 3 4 5 |  5.2
Axes           | 4 6 7 |  7.4
Evocations     | 2 5 6 8 9 |  9.6
Earth Magic    | 2 4 5 |  5.6
Transmutations | 2 3 |  3.6

Action                     |  1- 3 |  4- 6 |  7- 9 | 10-12 | 13-15 | 16-18 || total
---------------------------+-------+-------+-------+-------+-------+-------++-------
  Melee: Falchion          |    62 |    36 |       |       |       |       ||    98
         Tentacles         |    12 |    23 |    51 |    85 |   149 |   165 ||   485
         Constrict         |    12 |    22 |    45 |    53 |    72 |    89 ||   293
         Dagger            |     1 |    21 |    24 |    26 |    36 |    52 ||   160
         Long sword        |       |    46 |   158 |   101 |   327 |   459 ||  1091
         Punch             |       |     2 |     5 |     7 |     9 |    10 ||    33
         Scimitar          |       |       |    19 |       |       |       ||    19
         Double sword      |       |       |       |   180 |   116 |    36 ||   332
  Throw: Boomerang         |       |       |     7 |       |    35 |    66 ||   108
         Dart              |       |       |    34 |    98 |   179 |    26 ||   337
         Throwing net      |       |       |       |       |     1 |       ||     1
   Cast: Ozocubu's Armour  |       |       |     8 |    44 |    76 |    68 ||   196
         Sticky Flame      |       |       |       |    31 |    70 |    23 ||   124
         Frozen Ramparts   |       |       |       |    43 |    99 |    48 ||   190
         Mephitic Cloud    |       |       |       |    12 |    35 |    30 ||    77
         Airstrike         |       |       |       |       |     8 |    18 ||    26
         Freezing Cloud    |       |       |       |       |    19 |    32 ||    51
         Olgreb's Toxic Ra |       |       |       |       |       |    10 ||    10
         Wereblood         |       |       |       |       |       |    10 ||    10
         Ignite Poison     |       |       |       |       |       |    12 ||    12
         Poisonous Vapours |       |       |       |       |       |    12 ||    12
 Invoke: Call Merchant     |       |       |     1 |     1 |     2 |       ||     4
Ability: Evoke Blink       |       |       |       |       |     6 |     4 ||    10
  Evoke: Lightning rod     |       |       |       |     1 |     2 |       ||     3
         Wand              |       |       |       |       |     3 |       ||     3
    Use: Scroll            |     1 |       |     4 |    13 |    15 |    11 ||    44
         Potion            |     2 |       |       |     6 |     3 |     7 ||    18
   Stab: Sleeping          |     3 |    20 |    13 |    15 |    30 |    51 ||   132
         Distracted        |       |     1 |     1 |     2 |     7 |    19 ||    30
         Confused          |       |       |       |     5 |     8 |    16 ||    29
         Held in net/web   |       |       |       |       |     1 |       ||     1
 Armour: Skin              |     5 |     3 |    12 |    55 |    99 |   100 ||   274
  Dodge: Dodged            |    42 |    50 |   101 |   295 |   288 |   292 ||  1068
  Block: Buckler           |       |       |       |       |    72 |   247 ||   319
         Reflection        |       |       |       |       |       |    42 ||    42

Table legend: (Time is in decaauts)
 A = Elapsed time spent in this place.
 B = Non-inter-level travel time spent in this place.
 C = Inter-level travel time spent in this place.
 D = Time resting spent in this place.
 E = Time spent auto-exploring this place.
 F = Levels seen in this place.
 G = Mean time per level.
                   A        B        C        D        E       F      G
               +--------+--------+--------+--------+--------+-----+--------+
         Total |  44109 |  41039 |   3070 |  13199 |   9422 |  31 | 1422.9 |
       Dungeon |  19449 |  18016 |   1433 |   4176 |   5066 |  15 | 1296.6 |
        Temple |     21 |     16 |      5 |      0 |     11 |   1 |   21.0 |
          Lair |  10269 |   9458 |    811 |   3530 |   1815 |   5 | 2053.8 |
        Shoals |   4822 |   4625 |    197 |   1899 |    977 |   4 | 1205.5 |
     Snake Pit |   5506 |   5152 |    354 |   2411 |    966 |   3 | 1835.3 |
  Orcish Mines |   2893 |   2625 |    268 |    752 |    463 |   2 | 1446.5 |
      Gauntlet |   1146 |   1146 |      0 |    430 |    124 |   1 | 1146.0 |
               +--------+--------+--------+--------+--------+-----+--------+

Top non-repeatable levels by time:
  Lair:3: 2525 daAuts
  Lair:4: 2247 daAuts
 Snake:2: 2095 daAuts
  Lair:5: 1991 daAuts
  Lair:2: 1978 daAuts
 Snake:3: 1877 daAuts
    D:10: 1811 daAuts
    D:11: 1746 daAuts
   Orc:2: 1689 daAuts
Shoals:2: 1621 daAuts
    D:14: 1621 daAuts
    D:12: 1558 daAuts
 Snake:1: 1533 daAuts
  Lair:1: 1526 daAuts
     D:8: 1481 daAuts
